 Dungeon Crawl Stone Soup version 0.31-a0-692-gf03d1854d5 (webtiles) character file.

Game seed: 12582863429506878045

28 Essalna the Shield-Bearer (level 3, 24/24 HPs)
             Began as a Demonspawn Wanderer on Sept 7, 2023.
             Got out of the dungeon alive.
             The game lasted 00:01:08 (665 turns).

Essalna the Shield-Bearer (Demonspawn Wanderer)      Turns: 665, Time: 00:01:08

Health: 24/24      AC:  9    Str: 14    XL:     3   Next: 0%
Magic:  4/4        EV: 11    Int: 13    God:
Gold:   24         SH:  4    Dex: 12    Spells: 4/4 levels left

rFire   . . .        a - +2 mace
rCold   . . .        b - +0 buckler
rNeg    . . .        d - +0 leather armour
rPois   .            (no helmet)
rElec   .            (no cloak)
rCorr   .            (no gloves)
SInv    .            (no boots)
Will    .....        (no amulet)
Stlth   +            h - +4 ring of protection
HPRegen 0.24/turn    (no ring)
MPRegen 0.09/turn

%: no passive effects
@: no status effects
A: thin metallic scales 1, spiny 1
a: no special abilities


You escaped.
You visited 1 branch of the dungeon, and saw 1 of its levels.

You collected 24 gold pieces.

Inventory:

Hand Weapons
 a - a +2 mace (weapon)
Armour
 b - a +0 buckler (worn)
 d - a +0 leather armour (worn)
Jewellery
 h - a +4 ring of protection (left hand)
Scrolls
 c - a scroll of blinking
 f - 3 scrolls of identify {unknown}
 g - a scroll of silence {unknown}
 i - a scroll of noise {unknown}
Potions
 e - 3 potions of curing {unknown}


   Skills:
 + Level 2.0 Maces & Flails
 + Level 1.5 Dodging
 + Level 2.9 Shields
 + Level 1.2 Spellcasting
 + Level 2.5 Necromancy
 + Level 1.7 Invocations


You had 4 spell levels left.
You didn't know any spells.
Your spell library contained the following spells:

 Spells                   Type           Power      Damage    Failure   Level
 Sublimation of Blood     Necr           7%         N/A       24%         2
 Foxfire                  Conj/Fire      0%         2x1d4     43%         1
 Cigotuvi's Dreadful Rot  Necr/Pois/Air  6%         N/A       45%         2
 Plasma Beam              Fire/Air       0%         2x1d10    100%        6
 Starburst                Conj/Fire      0%         6d3       100%        6


Dungeon Overview and Level Annotations

Branches:
Dungeon (1/15)

Altars:


Innate Abilities, Weirdness & Mutations

You are partially covered in thin metallic scales. (AC +2)
You are partially covered in sharp spines.


Message History

No target in view!
No target in view!
i - a scroll labelled AGHIHU ZUQOO You open the door.
You open the door.
There is an open door here.
Key pressed, stopping explore.
Key pressed, stopping explore.
You see here a +0 mace.
There is an open door here.
Found a ring mail.
A rat comes into view.
A rat is nearby!
A rat is nearby!
A rat is nearby!
The rat bites you but does no damage.
You see here a +0 ring mail.
You completely miss the rat. The rat bites you.
You hit the rat.
You kill the rat!
You have reached level 3!
Your experience leads to an increase in your attributes!
Increase (S)trength, (I)ntelligence, or (D)exterity?
You feel clever. x2; Your demonic ancestry asserts itself...
Sharp spines emerge from parts of your body.
There is an open door here.
There is an open door here.
Key pressed, stopping explore.
There is an open door here.
There is an open door here.
Key pressed, stopping explore.
Found a stone staircase leading down.
Key pressed, stopping explore.
Done exploring.
Done exploring.
Done exploring.
There is an open door here.
There is an open door here.
There is a staircase leading out of the dungeon here.
You have escaped!

##### #..#+############### ....#
#######.................. ###.#
#........................
#.#####.###..............).....
###........##.###.......##)......
#..........#.......##............
..≈≈≈≈...##...≈≈≈≈..#.##....###+#
.≈≈≈§≈≈§.....≈≈≈≈.≈.#.#....).....
.≈≈≈§≈≈......≈≈>@≈≈.#.#...^.###.#
.≈§§≈≈§......≈≈≈≈≈≈.#.......###.#
..≈≈≈≈..####..≈≈≈≈..#.......+...#
.......## ##......###.#%...#####
)#####.# #.#..#####.#....# # .#
#.## ##.##.#.....#....#####
######..####..##.................
......>..........................
####..........##.#.#.............


There were no monsters in sight!

Vanquished Creatures
  A dart slug (D:1)
  2 ball pythons (D:1)
  2 endoplasms (D:1)
  A giant cockroach (D:1)
  A goblin (D:1)
  3 hobgoblins (D:1)
  5 kobolds (D:1)
  2 quokkas (D:1)
  2 bats (D:1)
  A frilled lizard (D:1)
  4 rats (D:1)
24 creatures vanquished.

Notes
Turn   | Place    | Note
-------+----------+-------------------------------------------
     0 | D:1      | Essalna the Demonspawn Wanderer began the quest for the
                  | Orb.
     0 | D:1      | Essalna set off with the following items: a +2 mace, a +0
                  | buckler, a scroll of blinking, a +0 leather armour; and the
                  | following spells available to memorise: Sublimation of
                  | Blood, Cigotuvi's Dreadful Rot.
     0 | D:1      | Reached XP level 1. HP: 13/13 MP: 2/2
    61 | D:1      | Gained mutation: You are partially covered in thin metallic
                  | scales. (AC +2) [demonic ancestry]
    61 | D:1      | Reached XP level 2. HP: 18/19 MP: 3/3
   561 | D:1      | Gained mutation: You are partially covered in sharp spines.
                  | [demonic ancestry]
   561 | D:1      | Reached XP level 3. HP: 23/24 MP: 4/4
   665 | D:$      | Got out of the dungeon alive.

Illustrated notes

Levels and vault maps discovered:
D:1:      dpeg_arrival_pits, layout_basic

Skill      XL: |  1  2 |
---------------+-------+-----
Maces & Flails | 2 |  2.0
Dodging        | |  1.5
Shields        | |  2.9
Spellcasting   | |  1.2
Necromancy     | |  2.5
Invocations    | |  1.7

Action                     || total
---------------------------++-------
  Melee: Mace              ||    58
 Armour: Leather armour    ||    36
  Dodge: Dodged            ||    35
  Block: Buckler           ||    10

Table legend: (Time is in decaauts)
 A = Elapsed time spent in this place.
 B = Non-inter-level travel time spent in this place.
 C = Inter-level travel time spent in this place.
 D = Time resting spent in this place.
 E = Time spent auto-exploring this place.
 F = Levels seen in this place.
 G = Mean time per level.
                   A        B        C        D        E       F      G
               +--------+--------+--------+--------+--------+-----+--------+
         Total |    684 |    646 |     38 |      0 |    492 |   1 |  684.0 |
       Dungeon |    684 |    646 |     38 |      0 |    492 |   1 |  684.0 |
               +--------+--------+--------+--------+--------+-----+--------+

Top non-repeatable levels by time:
     D:1: 684 daAuts
